| TOP OF THE 1ST |
|
Lake County Captains batting - Pitching for Lansing Lugnuts : LHP Katsumi Takaki
|
|
Pitching: LHP Katsumi Takaki
|
|
|
Batting: LHB Tim Fuller
|
0-0: Fly out, F5 (Line Drive, 5, EV 71.2 MPH)
|
|
Batting: RHB Carsten Koers
|
0-0: Called Strike 0-1: Ball 1-1: Ball 2-1: Ball 3-1: Foul Ball, location: 2F 3-2: Foul Ball, location: 2F 3-2: Base on Balls
|
|
Batting: RHB Toki Takeuchi
|
0-0: Ball 1-0: Fielders Choice at 2nd, 1-6 (Groundball, 13S, EV 73.1 MPH)
|
|
Batting: SHB Travis Burnett
|
0-0: Ball Toki Takeuchi steals 2nd base 1-0: Called Strike 1-1: Ball 2-1: Foul Ball, location: 2F 2-2: DOUBLE (Line Drive, 3D, EV 96.2 MPH) Toki Takeuchi scores
|
|
Batting: SHB Charlie Diesel
|
0-0: Ball 1-0: Called Strike 1-1: Foul Ball, location: 2F 1-2: Ball 2-2: Foul Ball, location: 2F 2-2: SINGLE (Groundball, 34D, EV 98.1 MPH) Travis Burnett to third Runner from 3rd tries for Home, SAFE, throw by RF to home
|
|
Batting: LHB Justin Rankin
|
0-0: Foul Ball, location: 2F 0-1: Ground out 4-3 (Groundball, 4, EV 91.9 MPH)
|
| Top of the 1st over - 2 runs, 2 hits, 0 errors, 1 left on base; Lake County 2 - Lansing 0 |
| BOTTOM OF THE 1ST |
|
Lansing Lugnuts batting - Pitching for Lake County Captains : RHP Rainer Von Croy
|
|
Pitching: RHP Rainer Von Croy
|
|
|
Batting: RHB Bryan Westray
|
0-0: Swinging Strike 0-1: Ball 1-1: Foul Ball, location: 2F 1-2: Ball 2-2: Strikes out looking
|
|
Batting: RHB Elliot Manfredini
|
0-0: Called Strike 0-1: Foul Ball, location: 2F 0-2: Ball 1-2: Strikes out swinging
|
|
Batting: LHB David Ramirez
|
0-0: Foul Ball, location: 2F 0-1: Swinging Strike 0-2: Ball 1-2: Strikes out swinging
|
| Bottom of the 1st over - 0 runs, 0 hits, 0 errors, 0 left on base; Lake County 2 - Lansing 0 |
| TOP OF THE 2ND |
|
Lake County Captains batting - Pitching for Lansing Lugnuts : LHP Katsumi Takaki
|
|
Batting: LHB Danny Moreno
|
0-0: Ball 1-0: Ball 2-0: Foul Ball, location: 2F 2-1: Foul Ball, location: 2F 2-2: Strikes out looking
|
|
Batting: LHB Ubbe de Bruin
|
0-0: Ball 1-0: Ground out U3 (Groundball, 3, EV 84.4 MPH)
|
|
Batting: LHB Alan Kelly
|
0-0: Ball 1-0: Fly out, F8 (Flyball, 8LM, EV 91.9 MPH)
|
| Top of the 2nd over - 0 runs, 0 hits, 0 errors, 0 left on base; Lake County 2 - Lansing 0 |
| BOTTOM OF THE 2ND |
|
Lansing Lugnuts batting - Pitching for Lake County Captains : RHP Rainer Von Croy
|
|
Batting: SHB Jose Garcia
|
0-0: Ball 1-0: SINGLE (Groundball, 3L, EV 104.4 MPH)
|
|
Batting: RHB Takanibu Kaneshiro
|
0-0: Ball 1-0: Foul Ball, location: 2F 1-1: Ball 2-1: Foul Ball, location: 2F 2-2: Ball 3-2: Strikes out looking
|
|
Batting: LHB Dan Martinez
|
0-0: Ball 1-0: Ball 2-0: Called Strike 2-1: Swinging Strike 2-2: Ball 3-2: Base on Balls Jose Garcia to second
|
|
Batting: RHB Ivan Ramirez
|
0-0: Called Strike 0-1: Ball Jose Garcia steals 3rd base Dan Martinez to second 1-1: Ball 2-1: DOUBLE (Flyball, 8RXD, EV 114.4 MPH) Jose Garcia scores Dan Martinez scores
|
|
Batting: RHB B.J. Worthy
|
0-0: Called Strike 0-1: Ball 1-1: Foul Ball, location: 2F 1-2: Foul Ball, location: 2F 1-2: Fly out, F2 (Popup, 25F, EV 80.6 MPH)
|
|
Batting: LHB Roger Escareno
|
0-0: Foul Ball, location: 2F 0-1: Fly out, F5 (Line Drive, 5, EV 65.0 MPH)
|
| Bottom of the 2nd over - 2 runs, 2 hits, 0 errors, 1 left on base; Lake County 2 - Lansing 2 |
| TOP OF THE 3RD |
|
Lake County Captains batting - Pitching for Lansing Lugnuts : LHP Katsumi Takaki
|
|
Batting: LHB Tim Fuller
|
0-0: Foul Ball, location: 2F 0-1: Foul Ball, location: 2F 0-2: Ball 1-2: Foul Ball, location: 2F 1-2: Ground out 6-3 (Groundball, 6M, EV 86.9 MPH)
|
|
Batting: RHB Carsten Koers
|
0-0: Called Strike 0-1: Ball 1-1: Called Strike 1-2: Ball 2-2: Foul Ball, location: 2F 2-2: SINGLE (Groundball, 56D, EV 104.4 MPH)
|
|
Batting: RHB Toki Takeuchi
|
0-0: Called Strike 0-1: Ball 1-1: Called Strike 1-2: Strikes out swinging
|
|
Batting: SHB Travis Burnett
|
0-0: Ball Carsten Koers is caught stealing 2nd base 2-4
|
| Top of the 3rd over - 0 runs, 1 hit, 0 errors, 0 left on base; Lake County 2 - Lansing 2 |
| BOTTOM OF THE 3RD |
|
Lansing Lugnuts batting - Pitching for Lake County Captains : RHP Rainer Von Croy
|
|
Batting: RHB Bryan Westray
|
0-0: Foul Ball, location: 2F 0-1: Foul Ball, location: 2F 0-2: Ball 1-2: Fly out, F6 (Popup, 6, EV 61.2 MPH)
|
|
Batting: RHB Elliot Manfredini
|
0-0: Swinging Strike 0-1: Swinging Strike 0-2: Strikes out swinging
|
|
Batting: LHB David Ramirez
|
0-0: Called Strike 0-1: Ball 1-1: Ball 2-1: Ground out 5-3 (Groundball, 5S, EV 91.9 MPH)
|
| Bottom of the 3rd over - 0 runs, 0 hits, 0 errors, 0 left on base; Lake County 2 - Lansing 2 |
| TOP OF THE 4TH |
|
Lake County Captains batting - Pitching for Lansing Lugnuts : LHP Katsumi Takaki
|
|
Batting: SHB Travis Burnett
|
0-0: Ground out 6-3 (Groundball, 6M, EV 92.5 MPH)
|
|
Batting: SHB Charlie Diesel
|
0-0: Called Strike 0-1: Foul Ball, location: 2F 0-2: Ball 1-2: Strikes out swinging
|
|
Batting: LHB Justin Rankin
|
0-0: Ball 1-0: Foul Ball, location: 2F 1-1: Fly out, F9 (Line Drive, 9, EV 96.9 MPH)
|
| Top of the 4th over - 0 runs, 0 hits, 0 errors, 0 left on base; Lake County 2 - Lansing 2 |
| BOTTOM OF THE 4TH |
|
Lansing Lugnuts batting - Pitching for Lake County Captains : RHP Rainer Von Croy
|
|
Batting: SHB Jose Garcia
|
0-0: Ball 1-0: Swinging Strike 1-1: Foul Ball, location: 2F 1-2: Foul Ball, location: 2F 1-2: Ball 2-2: SINGLE (Groundball, 25, EV 63.1 MPH) (infield hit)
|
|
Batting: RHB Takanibu Kaneshiro
|
0-0: Ball 1-0: SINGLE (Line Drive, 8RS, EV 98.8 MPH) Jose Garcia to second
|
|
Batting: LHB Dan Martinez
|
0-0: Called Strike 0-1: Foul Ball, location: 2F 0-2: Strikes out swinging
|
|
Batting: RHB Ivan Ramirez
|
0-0: Ball 1-0: Ball Jose Garcia steals 3rd base 2-0: Foul Ball, location: 2F 2-1: SINGLE (Groundball, 6D, EV 105.0 MPH) Jose Garcia scores Takanibu Kaneshiro to second
|
|
Batting: RHB B.J. Worthy
|
0-0: Called Strike 0-1: Ball 1-1: Grounds into double play, 6-4-3 (Groundball, 6M, EV 83.1 MPH)
|
| Bottom of the 4th over - 1 run, 3 hits, 0 errors, 1 left on base; Lake County 2 - Lansing 3 |
| TOP OF THE 5TH |
|
Lake County Captains batting - Pitching for Lansing Lugnuts : LHP Katsumi Takaki
|
|
Batting: LHB Danny Moreno
|
0-0: Ball 1-0: Ball 2-0: Called Strike 2-1: Ground out 6-3 (Groundball, 6MD, EV 103.1 MPH)
|
|
Batting: LHB Ubbe de Bruin
|
0-0: Ball 1-0: Ball 2-0: Ball 3-0: Called Strike 3-1: Foul Ball, location: 2F 3-2: Base on Balls
|
|
Batting: LHB Alan Kelly
|
0-0: Foul Ball, location: 2F 0-1: Called Strike 0-2: Foul Ball, location: 2F 0-2: Ball 1-2: Ball 2-2: Ball 3-2: SINGLE (Groundball, 4MS, EV 75.6 MPH) (infield hit) Ubbe de Bruin to second
|
|
Batting: LHB Tim Fuller
|
0-0: Ball 1-0: Ball 2-0: Foul Ball, location: 2F 2-1: Ball 3-1: Base on Balls Ubbe de Bruin to third Alan Kelly to second
|
|
Batting: RHB Carsten Koers
|
0-0: Swinging Strike 0-1: Ball 1-1: Grounds into fielders choice 6-2 (Groundball, 6, EV 105.0 MPH) Alan Kelly to third Tim Fuller to second
|
|
Batting: RHB Toki Takeuchi
|
0-0: Foul Ball, location: 2F 0-1: Foul Ball, location: 2F 0-2: Ball 1-2: Strikes out swinging
|
| Top of the 5th over - 0 runs, 1 hit, 0 errors, 3 left on base; Lake County 2 - Lansing 3 |
| BOTTOM OF THE 5TH |
|
Lansing Lugnuts batting - Pitching for Lake County Captains : RHP Rainer Von Croy
|
|
Batting: LHB Roger Escareno
|
0-0: Ball 1-0: Ball 2-0: SINGLE (Groundball, 56D, EV 96.9 MPH)
|
|
Batting: RHB Bryan Westray
|
0-0: Called Strike 0-1: Ball 1-1: Called Strike 1-2: Ball Roger Escareno steals 2nd base 2-2: Fly out, F8 (Flyball, 8LXD, EV 103.1 MPH) Runner from 2nd tags up, SAFE at 3rd, no throw by CF
|
|
Pitching: RHP Tatsuhito Shiota
|
|
|
Batting: RHB Elliot Manfredini
|
0-0: Ball 1-0: Ball 2-0: Called Strike 2-1: Ball 3-1: Called Strike 3-2: 2-RUN HOME RUN (Flyball, 9LD, EV 93.1 MPH), Distance : 329 ft
|
|
Batting: LHB David Ramirez
|
0-0: Foul Ball, location: 2F 0-1: Ball 1-1: Foul Ball, location: 2F 1-2: SOLO HOME RUN (Flyball, 78XD, EV 97.5 MPH), Distance : 383 ft
|
|
Batting: SHB Jose Garcia
|
0-0: Ball 1-0: Called Strike 1-1: Ground out 6-3 (Groundball, 4M, EV 93.1 MPH)
|
|
Batting: RHB Takanibu Kaneshiro
|
0-0: Foul Ball, location: 2F 0-1: Ball 1-1: Ball 2-1: Called Strike 2-2: Ball 3-2: SOLO HOME RUN (Flyball, 7LD, EV 90.0 MPH), Distance : 344 ft
|
|
Batting: LHB Dan Martinez
|
0-0: Called Strike 0-1: Swinging Strike 0-2: Ball 1-2: Foul Ball, location: 2F 1-2: Ball 2-2: Ball 3-2: Base on Balls
|
|
Batting: RHB Ivan Ramirez
|
0-0: Called Strike 0-1: Ball 1-1: Called Strike 1-2: Strikes out looking
|
| Bottom of the 5th over - 4 runs, 4 hits, 0 errors, 1 left on base; Lake County 2 - Lansing 7 |
| TOP OF THE 6TH |
|
Lake County Captains batting - Pitching for Lansing Lugnuts : LHP Katsumi Takaki
|
|
Batting: SHB Travis Burnett
|
0-0: Ball 1-0: Ball 2-0: Foul Ball, location: 2F 2-1: Ground out 5-3 (Groundball, 5S, EV 72.5 MPH)
|
|
Batting: SHB Charlie Diesel
|
0-0: SOLO HOME RUN (Flyball, 7LD, EV 96.9 MPH), Distance : 340 ft
|
|
Batting: LHB Justin Rankin
|
0-0: Called Strike 0-1: Called Strike 0-2: Ball 1-2: Ball 2-2: Foul Ball, location: 2F 2-2: Strikes out swinging
|
|
Batting: LHB Danny Moreno
|
0-0: Called Strike 0-1: Ball 1-1: Ball 2-1: Foul Ball, location: 2F 2-2: Strikes out swinging
|
| Top of the 6th over - 1 run, 1 hit, 0 errors, 0 left on base; Lake County 3 - Lansing 7 |
| BOTTOM OF THE 6TH |
|
Lansing Lugnuts batting - Pitching for Lake County Captains : RHP Tatsuhito Shiota
|
|
Pitching: RHP Malachi Shelton
|
|
|
Batting: RHB B.J. Worthy
|
0-0: Fly out, F8 (Line Drive, 8LM, EV 90.0 MPH)
|
|
Batting: LHB Roger Escareno
|
0-0: Called Strike 0-1: Swinging Strike 0-2: Ground out 4-3 (Groundball, 34, EV 99.4 MPH)
|
|
Batting: RHB Bryan Westray
|
0-0: Called Strike 0-1: Ball 1-1: Ball 2-1: DOUBLE (Line Drive, 78M, EV 91.9 MPH)
|
|
Batting: RHB Elliot Manfredini
|
0-0: Ball 1-0: Ball 2-0: Called Strike 2-1: Foul Ball, location: 2F 2-2: Strikes out swinging
|
| Bottom of the 6th over - 0 runs, 1 hit, 0 errors, 1 left on base; Lake County 3 - Lansing 7 |
| TOP OF THE 7TH |
|
Lake County Captains batting - Pitching for Lansing Lugnuts : LHP Katsumi Takaki
|
|
Pitching: RHP Andres Lozano
|
|
|
Batting: LHB Ubbe de Bruin
|
0-0: Swinging Strike 0-1: Called Strike 0-2: Ball 1-2: Ball 2-2: Ball 3-2: Strikes out looking
|
|
Batting: LHB Alan Kelly
|
0-0: Called Strike 0-1: Foul Ball, location: 2F 0-2: Strikes out swinging
|
|
Batting: LHB Tim Fuller
|
0-0: Ball 1-0: Ball 2-0: Foul Ball, location: 2F 2-1: Swinging Strike 2-2: Strikes out swinging
|
| Top of the 7th over - 0 runs, 0 hits, 0 errors, 0 left on base; Lake County 3 - Lansing 7 |
| BOTTOM OF THE 7TH |
|
Lansing Lugnuts batting - Pitching for Lake County Captains : RHP Malachi Shelton
|
|
Batting: LHB David Ramirez
|
0-0: Ball 1-0: Ball 2-0: Called Strike 2-1: Ball 3-1: DOUBLE (Line Drive, 9LS, EV 106.2 MPH)
|
|
Batting: SHB Jose Garcia
|
0-0: Ball 1-0: Called Strike 1-1: SINGLE (Groundball, 4MD, EV 100.0 MPH) David Ramirez to third
|
|
Batting: RHB Takanibu Kaneshiro
|
0-0: Swinging Strike 0-1: Ball 1-1: Called Strike 1-2: Strikes out swinging
|
|
Batting: LHB Dan Martinez
|
0-0: Ball 1-0: Foul Ball, location: 2F 1-1: Ball 2-1: Fly out, F7 (Flyball, 7LD, EV 90.0 MPH) Runner from 3rd tags up, SCORES, throw by LF
|
|
Batting: RHB Ivan Ramirez
|
0-0: Ball Jose Garcia steals 2nd base 1-0: Foul Ball, location: 2F 1-1: Called Strike 1-2: Strikes out looking
|
| Bottom of the 7th over - 1 run, 2 hits, 0 errors, 1 left on base; Lake County 3 - Lansing 8 |
| TOP OF THE 8TH |
|
Lake County Captains batting - Pitching for Lansing Lugnuts : RHP Andres Lozano
|
|
Batting: RHB Carsten Koers
|
0-0: Ball 1-0: Foul Ball, location: 2F 1-1: Foul Ball, location: 2F 1-2: Foul Ball, location: 2F 1-2: Ball 2-2: Strikes out swinging
|
|
Batting: RHB Toki Takeuchi
|
0-0: Called Strike 0-1: Ball 1-1: Ball 2-1: Ball 3-1: Foul Ball, location: 2F 3-2: Ground out 5-3 (Groundball, 56, EV 95.0 MPH)
|
|
Batting: SHB Travis Burnett
|
0-0: Ground out 4-3 (Groundball, 4S, EV 70.6 MPH)
|
| Top of the 8th over - 0 runs, 0 hits, 0 errors, 0 left on base; Lake County 3 - Lansing 8 |
| BOTTOM OF THE 8TH |
|
Lansing Lugnuts batting - Pitching for Lake County Captains : RHP Malachi Shelton
|
|
Batting: RHB B.J. Worthy
|
0-0: SOLO HOME RUN (Flyball, 78XD, EV 110.6 MPH), Distance : 396 ft
|
|
Batting: LHB Roger Escareno
|
0-0: Ball 1-0: Fly out, F8 (Flyball, 8LD, EV 93.1 MPH)
|
|
Batting: RHB Bryan Westray
|
0-0: Called Strike 0-1: Ball 1-1: Called Strike 1-2: Ball 2-2: Foul Ball, location: 2F 2-2: Ball 3-2: Foul Ball, location: 2F 3-2: Base on Balls
|
|
Pitching: RHP En-guo Tsu
|
|
|
Batting: RHB Elliot Manfredini
|
0-0: Ball 1-0: Called Strike 1-1: Fly out, F8 (Flyball, 8LM, EV 96.2 MPH)
|
|
Batting: LHB David Ramirez
|
0-0: Called Strike 0-1: Foul Ball, location: 2F 0-2: Strikes out swinging
|
| Bottom of the 8th over - 1 run, 1 hit, 0 errors, 1 left on base; Lake County 3 - Lansing 9 |
| TOP OF THE 9TH |
|
Lake County Captains batting - Pitching for Lansing Lugnuts : RHP Andres Lozano
|
|
Batting: SHB Charlie Diesel
|
0-0: Foul Ball, location: 2F 0-1: Called Strike 0-2: Reached on error, E4 (Groundball, 4S, EV 82.5 MPH)
|
|
Batting: LHB Justin Rankin
|
0-0: Called Strike 0-1: Ball 1-1: Ball 2-1: Foul Ball, location: 2F 2-2: Foul Ball, location: 2F 2-2: Grounds into double play, 4-6-3 (Groundball, 4, EV 85.6 MPH)
|
|
Batting: LHB Danny Moreno
|
0-0: SINGLE (Line Drive, 8LS, EV 94.4 MPH)
|
|
Batting: LHB Ubbe de Bruin
|
0-0: Foul Ball, location: 2F 0-1: Ball 1-1: Ball 2-1: Ball 3-1: Foul Ball, location: 2F 3-2: Base on Balls Danny Moreno to second
|
|
Batting: LHB Alan Kelly
|
0-0: Ball 1-0: Foul Ball, location: 2F 1-1: Ball 2-1: Called Strike 2-2: Strikes out looking
|
| Top of the 9th over - 0 runs, 1 hit, 1 error, 2 left on base; Lake County 3 - Lansing 9 |
|